Map: Kairos Junction LE

Players

MaSa

  • Race: Terran Terran
  • League: Master
  • Spawn Location: 5:00

OGZest (Zest) - Winner!

  • Race: Protoss Protoss
  • Spawn Location: 11:00

Event: 2019 Assembly Summer

VOD

Have the link to the VOD?

Description

Time

  • Played on: Aug. 1, 2019, 5:40 a.m.
  • Length: 5:53

All games in this series

Show
View Real Time Build Order
Export as new Build Order

MaSa Terran 

Build Orders: Reaper Expand 

Get SALT Encoding   

  12  0:00  SCV  
  13  0:12  SCV  
  14  0:16  Supply Depot  
  14  0:25  SCV  
  15  0:38  SCV  
  15  0:39  Barracks  
  16  0:44  Refinery  
  16  0:50  SCV  
  17  1:02  SCV  
  18  1:14  SCV  
  19  1:26  Reaper  
  19  1:27  Orbital Command  
  20  1:42  Command Center  
  20  1:53  SCV  
  21  1:58  Barracks  
  21  1:59  Barracks Reactor  
  21  2:05  SCV  
  22  2:09  Supply Depot  
  22  2:17  SCV  
  23  2:31  SCV  
  23  2:36  Marine x2  
  26  2:43  SCV  
  27  2:46  Barracks Tech Lab  
  27  2:54  Marine x2  
  27  2:55  SCV  
  29  3:07  SCV  
  29  3:08  Marine  
  31  3:19  Concussive Shells  
  31  3:21  Marine  
  31  3:23  SCV  
  31  3:25  Orbital Command  
  33  3:27  Marine, Marauder  
  32  3:35  SCV  
  32  3:40  Marine  
  34  3:45  Marine, Barracks  
  34  3:47  Factory, SCV  
  38  3:48  Marauder  
  38  3:52  SCV  
  39  3:58  Marine  
  39  3:59  SCV  
  41  4:03  Marine  
  41  4:07  SCV  
  45  4:10  Marauder  
  45  4:11  SCV  
  45  4:12  Refinery  
  45  4:16  Marine  
  45  4:20  Marine  
  46  4:34  Refinery  
  46  4:35  Refinery  
  46  4:53  Bunker  
  46  4:58  Engineering Bay  
  46  5:04  Marine  
  46  5:06  Marine  
  46  5:07  Marine, SCV x2  
  46  5:08  Marauder  
  49  5:18  Widow Mine  
  49  5:19  SCV x2  
  49  5:20  Bunker  
  47  5:21  Marine  
  47  5:24  Marine  
  47  5:26  Marine  
  46  5:31  SCV x2  
  46  5:34  Command Center  
  50  5:40  Barracks Tech Lab, Factory Tech Lab  
  48  5:45  Starport  
Show
View Real Time Build Order
Export as new Build Order

OGZest Protoss - Winner!

Build Orders: 1 Gate Expand, Blink Stalkers 

Get SALT Encoding   

  12  0:00  Probe  
  13  0:12  Probe  
  14  0:17  Pylon  
  14  0:24  Probe  
  15  0:32  Probe  
  15  0:37  Gateway  
  15  0:40  Probe  
  16  0:46  Assimilator  
  17  0:51  Probe  
  18  1:03  Probe  
  19  1:15  Probe  
  20  1:23  Cybernetics Core  
  20  1:33  Nexus  
  20  1:35  Probe  
  21  1:42  Pylon  
  21  1:48  Probe  
  21  1:50  Adept, Assimilator  
  22  2:00  Probe  
  25  2:03  Warp Gate  
  25  2:10  Stalker  
  25  2:12  Probe  
  28  2:29  Probe  
  28  2:32  Stalker  
  28  2:35  Twilight Council  
  28  2:41  Probe  
  31  2:47  Probe  
  32  2:53  Probe  
  33  3:02  Stalker  
  33  3:11  Probe  
  36  3:13  Probe  
  37  3:24  Probe  
  37  3:25  Probe  
  37  3:35  Gateway x2  
  37  3:36  Probe  
  37  3:37  Probe  
  37  3:40  Robotics Facility  
  38  3:45  Blink  
  38  3:46  Pylon  
  38  3:48  Probe  
  39  3:49  Probe  
  39  3:52  Stalker  
  42  4:00  Probe  
  42  4:01  Probe  
  44  4:12  Probe  
  44  4:13  Probe, Pylon  
  44  4:19  Sentry  
  44  4:21  Shield Battery  
  44  4:24  Probe  
  44  4:25  Probe  
  44  4:27  Immortal, Pylon  
  46  4:35  Zealot  
  52  4:41  Gateway  
  52  4:43  Sentry  
  52  4:44  Zealot  
  56  4:56  Stalker  
  58  5:04  Immortal  
  58  5:07  Zealot  
  58  5:08  Zealot  
  64  5:28  Stalker x2  
  66  5:29  Zealot  
  66  5:31  Pylon  
  66  5:32  Assimilator  
  68  5:37  Stalker  
  70  5:44  Nexus  
  70  5:45  Pylon  
Tags
 
Add a new tag
Caveats
  • Supply blocks, unpowered buildings, or Contaminate may cause inaccurate times.
  • Supply counts are checked every 10 seconds.